 Seeded DCSS version 0.28-a0-1033-g1a2f33fa85 (webtiles) character file.

Game seed: 20211204 (custom seed)

19982 voltaire321 the Nimble (level 12, 0/97 HPs)
             Began as a Merfolk Gladiator on Dec 7, 2021.
             Was an Elder of Wu Jian.
             Slain by a 12-headed hydra (6 damage)
             ... on level 1 of the Lair of Beasts.
             The game lasted 00:58:25 (22445 turns).

voltaire321 the Nimble (Merfolk Gladiator)         Turns: 22445, Time: 00:58:26

Health: 0/97       AC: 16    Str: 15    XL:     12   Next: 74%
Magic:  19/19      EV: 14    Int:  8    God:    Wu Jian [****..]
Gold:   235        SH: 15    Dex: 19    Spells: 17/21 levels left

rFire   . . .      SeeInvis +   a - +1 long sword (venom)
rCold   . . .      Faith    .   h - +0 kite shield {rN+}
rNeg    + + +      Spirit   .   g - +0 pearl dragon scales
rPois   .          Reflect  +   c - +0 helmet
rElec   .          Harm     .   (no cloak)
rCorr   .          Rampage  .   A - +2 pair of gloves
Will    +....                   (no boots)
Stlth   ..........              F - amulet of Autumn {Reflect Will+ SH+5}
HPRegen 0.26/turn               G - ring of see invisible
MPRegen 0.16/turn               z - ring of positive energy

@: studying Air Magic
A: (nimble swimmer 2), mertail
a: Renounce Religion, Wall Jump, Serpent's Lash


You were on level 1 of the Lair of Beasts.
You worshipped Wu Jian.
Wu Jian was greatly pleased with you.
You visited 3 branches of the dungeon, and saw 13 of its levels.
You visited the Abyss 1 time.
You also visited: Sewer.

You collected 746 gold pieces.
You spent 511 gold pieces at shops.

Inventory:

Hand Weapons
 a - a +1 long sword of venom (weapon)
 o - a +3 scimitar
 q - a +3 scimitar
Missiles
 d - 4 throwing nets
 l - 7 boomerangs (quivered)
 s - 6 javelins
 w - 3 atropa-tipped darts
 D - 27 poisoned darts
 K - a curare-tipped dart
Armour
 c - a +0 helmet (worn)
 g - +0 pearl dragon scales (worn)
 h - a +0 kite shield of positive energy (worn)
 A - a +2 pair of gloves (worn)
Jewellery
 m - an amulet of magic regeneration
 r - a ring of ice
 z - a ring of positive energy (right hand)
 F - the amulet of Autumn (around neck) {Reflect Will+ SH+5}
   (You bought it in a shop on level 2 of the Dungeon)

   [amulet of reflection]

   It reflects blocked missile attacks.
   SH:        It affects your SH (+5).
   Will:      It increases your willpower.
 G - a ring of see invisible (left hand)
 J - an amulet of regeneration
 L - a ring of fire
Wands
 H - a wand of charming (11)
Scrolls
 b - a scroll of silence
 f - a scroll of blinking
 i - 4 scrolls of fog
 k - 4 scrolls of teleportation
 v - a scroll of summoning
 x - a scroll of enchant weapon
 y - 4 scrolls of identify
 B - 4 scrolls of fear
 C - a scroll of holy word
 E - 2 scrolls of magic mapping
Potions
 e - 4 potions of mutation
 j - 3 potions of lignification
 n - 5 potions of flight
 p - 2 potions of magic
 t - 6 potions of brilliance
 u - 2 potions of curing


   Skills:
 - Level 10.0 Fighting
 + Level 11.3 Long Blades
 - Level 6.0 Throwing
 - Level 5.0 Armour
 + Level 13.3 Dodging
 + Level 4.0 Shields
 - Level 5.2 Spellcasting
 - Level 5.2 Air Magic


You had 17 spell levels left.
You knew the following spells:

 Your Spells              Type           Power      Damage    Failure   Level
a - Airstrike             Air            5%         N/A       99%         4

Your spell library contained the following spells:

 Spells                   Type           Power      Damage    Failure   Level
 Shock                    Conj/Air       24%        1d4       86%         1
 Swiftness                Air            10%        N/A       87%         3
 Blink                    Tloc           4%         N/A       100%        2
 Stone Arrow              Conj/Erth      4%         3d7       100%        3
 Animate Armour           Summ/Erth      4%         N/A       100%        4
 Leda's Liquefaction      Hex/Erth       1%         N/A       100%        4
 Lee's Rapid Deconstruct  Erth           1%         3d5*      100%        5
 Manifold Assault         Tloc           2%         N/A       100%        5
 Statue Form              Tmut/Erth      1%         N/A       100%        6
 Storm Form               Tmut/Air       3%         N/A       100%        7
 Lehudib's Crystal Spear  Conj/Erth      1%         10d2      100%        8


Dungeon Overview and Level Annotations

Branches:
Dungeon (11/15)            Temple (1/1) D:4            Lair (1/6) D:9
    Orc (0/2) D:11          Sewer (visited)

Altars:
Ashenzari
Cheibriados
Dithmenos
Elyvilon
Fedhas
Gozag
Hepliaklqana
Kikubaaqudgha
Makhleb
Nemelex Xobeh
Okawaru
Qazlal
Ru
Sif Muna
Trog
Uskayaw
Vehumet
Wu Jian
Xom
Yredelemnul
Zin
The Shining One

Shops:
D:1 !   D:2 =   D:3 *   D:7 ?

Annotations:
D:7 2 transporters, freelancePsychic's ghost, novice FoHu


Innate Abilities, Weirdness & Mutations

((You are quick and stealthy near water. (Stealth+, EV+, Speed+++)))
Your lower body shifts to a powerful aquatic tail in water.


Message History

The 12-headed hydra bites you!
The 12-headed hydra bites you but does no damage.
You block the 12-headed hydra's attack. x2
The 12-headed hydra bites you but does no damage.
The 12-headed hydra misses you. The 12-headed hydra bites you.
The 12-headed hydra barely misses you. The 12-headed hydra bites you. x2
You block the 12-headed hydra's attack. The 12-headed hydra bites you.
Throw: 7 boomerangs
Press: ? - help, Q - select action, (/) - cycle Shift-Dir - straight line, f/p - 12-headed hydra
Aim: a 12-headed hydra (moderately wounded, 83% to hit)
You throw a boomerang. The boomerang hits the 12-headed hydra!
The 12-headed hydra is heavily wounded.
You block the 12-headed hydra's attack.
The 12-headed hydra bites you but does no damage.
You block the 12-headed hydra's attack.
The 12-headed hydra barely misses you. x2
The 12-headed hydra bites you! The 12-headed hydra bites you.
The 12-headed hydra bites you but does no damage.
You block the 12-headed hydra's attack. The 12-headed hydra bites you! x2
The 12-headed hydra bites you.
The 12-headed hydra bites you but does no damage.
The 12-headed hydra bites you. x2; The 12-headed hydra closely misses you. x3
The 12-headed hydra bites you. The 12-headed hydra closely misses you.
The 12-headed hydra bites you. The 12-headed hydra closely misses you.
The 12-headed hydra bites you but does no damage. x2
Throw: 7 boomerangs
Press: ? - help, Q - select action, (/) - cycle Shift-Dir - straight line, f/p - 12-headed hydra
Aim: a 12-headed hydra (heavily wounded, 83% to hit)
You throw a boomerang. The boomerang hits the 12-headed hydra!
The 12-headed hydra is heavily wounded.
The 12-headed hydra closely misses you.
You block the 12-headed hydra's attack. x2
The 12-headed hydra barely misses you.
The 12-headed hydra bites you but does no damage.
The 12-headed hydra bites you. The 12-headed hydra bites you!
* * * LOW HITPOINT WARNING * * *
The 12-headed hydra closely misses you. The 12-headed hydra bites you.
* * * LOW HITPOINT WARNING * * *
The 12-headed hydra bites you!
* * * LOW HITPOINT WARNING * * *
The 12-headed hydra barely misses you. The 12-headed hydra bites you.
You die...

#...)........#...................
#............#.................#.
#.......##.....".................
........#........≈≈..............
.........##.≈≈≈≈≈≈≈≈≈............
.(P.........≈≈≈≈≈≈≈≈≈............
......D....≈≈≈≈≈≈≈≈≈≈≈........###
(..........≈≈≈≈...≈≈≈.........##.
.P......###[≈≈≈D@.≈≈≈≈..........#
(.(.....##..≈≈≈..≈≈≈≈†.........#.
.......(.#≈≈≈≈≈≈≈≈≈≈≈.†........##
.............≈≈≈≈≈≈≈≈.........##
............≈≈≈≈≈≈≈...........#
...............≈....##........##
.....................#.........#
#..................###.........#
##................÷####........#


You could see a 12-headed hydra.

Vanquished Creatures
  Josephine (D:11)
  Fannar (Lair:1)
  A boulder beetle (D:9)
  2 two-headed ogres
  A centaur warrior (D:9)
  Sonja (D:11)
  A manticore (D:11)
  A black mamba (Lair:1)
  3 centaur zombies
  An unseen horror (D:11)
  3 kobold demonologists (D:10)
  Maggie (D:8)
  A komodo dragon (D:11)
  2 trolls (D:11)
  Prince Ribbit (D:5)
  Grinder (D:4)
  A slime creature (D:10)
  Sigmund (D:5)
  A wyvern (D:9)
  33 yaks
  5 wraiths
  2 basilisks (D:9)
  Menkaure (D:7)
  14 water moccasins
  3 orc warriors
  2 sky beasts
  A black bear (D:6)
  A necrophage (D:6)
  A centaur (D:9)
  2 phantoms
  3 bullfrogs
  4 kobold brigands
  A gnoll sergeant (D:10)
  A scorpion (D:6)
  4 killer bees (D:9)
  30 wights
  A howler monkey (D:10)
  A crimson imp (D:5)
  A bullfrog zombie (D:7)
  4 hounds
  2 jellies
  3 orc priests (D:8)
  2 bullfrog skeletons
  2 gnoll shamans
  2 iguanas
  8 orc wizards
  A killer bee zombie (D:5)
  3 hound skeletons (D:4)
  A howler monkey zombie (D:9)
  17 gnolls
  11 adders
  A river rat (D:4)
  4 white imps
  An ufetubus (D:4)
  5 worms
  4 dart slugs
  30 orcs
  15 endoplasms
  6 giant cockroaches
  7 goblins
  7 hobgoblins
  18 jackals
  7 quokkas
  4 ball pythons
  10 bats
  5 frilled lizards
  12 kobolds
  2 rats (D:1)
330 creatures vanquished.

Vanquished Creatures (others)
  An orc wizard (D:3)
  7 fungi
  12 plants (D:9)
20 creatures vanquished.

Grand Total: 350 creatures vanquished

Notes
Turn   | Place    | Note
-------+----------+-------------------------------------------
     0 | D:1      | voltaire321 the Merfolk Gladiator began the quest for the
                  | Orb.
     0 | D:1      | Reached XP level 1. HP: 16/16 MP: 1/1
    97 | D:1      | Found Waups's Distillery.
   136 | D:1      | Reached XP level 2. HP: 20/23 MP: 2/2
   491 | D:1      | Reached XP level 3. HP: 28/28 MP: 3/3
   764 | D:1      | Found a faded altar of an unknown god.
  1268 | D:2      | Reached XP level 4. HP: 34/34 MP: 4/4
  1369 | D:2      | Noticed a phantom
  1399 | D:2      | Killed a phantom
  1400 | D:2      | Reached skill level 1 in Armour
  1400 | D:2      | Reached XP level 5. HP: 25/41 MP: 5/5
  1683 | D:2      | Reached skill level 5 in Dodging
  1781 | D:2      | Found Joavi's Jewellery Emporium.
  2758 | D:3      | Found Zin's Purification Station.
  2758 | D:3      | Found a glowing silver altar of Zin.
  3393 | D:3      | Reached XP level 6. HP: 27/47 MP: 6/6
  3898 | D:4      | Found a glowing drain.
  3903 | Sewer    | Entered a sewer
  4914 | D:4      | Found a staircase to the Ecumenical Temple.
  4956 | Temple   | Entered the Ecumenical Temple
  5730 | D:4      | Noticed Grinder
  5753 | D:4      | Killed Grinder
  5754 | D:4      | Reached skill level 5 in Long Blades
  5754 | D:4      | Reached skill level 6 in Dodging
  5754 | D:4      | Reached XP level 7. HP: 37/55 MP: 7/7
  6174 | D:5      | Entered Level 5 of the Dungeon
  6186 | D:5      | Noticed Sigmund
  6750 | D:5      | Noticed Prince Ribbit
  6786 | D:5      | Killed Prince Ribbit
  6787 | D:5      | Reached XP level 8. HP: 7/61 MP: 8/8
  7186 | D:5      | Found a burning altar of Makhleb.
  7232 | D:5      | Reached skill level 5 in Fighting
  7405 | D:5      | Killed Sigmund
  7406 | D:5      | Reached skill level 7 in Dodging
  8676 | D:6      | Reached skill level 5 in Throwing
  8780 | D:6      | Reached XP level 9. HP: 45/69 MP: 9/9
  9265 | D:6      | Found an ornate altar of the Wu Jian Council.
  9274 | D:6      | Found a shimmering altar of Xom.
  9279 | D:6      | Became a worshipper of the Wu Jian Council
  9284 | D:6      | Found a hide-covered altar of Uskayaw.
  9497 | D:6      | Reached skill level 8 in Dodging
  9886 | D:7      | Found a transporter.
  9890 | D:7      | Noticed freelancePsychic's ghost (novice FoHu)
  9892 | D:7      | Found a transporter.
  9892 | D:7      | Identified the +9 giant spiked club "Vafipeut" {vorpal,
                  | Drain rN+ rCorr Stlth+}
 10154 | D:7      | Found Nyuv's Magic Scroll Boutique.
 10256 | D:7      | Noticed Menkaure
 10266 | D:7      | Killed Menkaure
 10513 | D:7      | Found a shimmering blue altar of Sif Muna.
 10671 | D:7      | Reached * piety under Wu Jian
 11149 | D:8      | Reached skill level 9 in Dodging
 11206 | D:8      | Noticed Maggie
 11229 | D:8      | Killed Maggie
 11230 | D:8      | Reached XP level 10. HP: 48/79 MP: 10/10
 11449 | D:8      | Noticed a two-headed ogre
 11471 | D:8      | Killed a two-headed ogre
 11637 | D:8      | Reached ** piety under Wu Jian
 11782 | D:8      | Learned a level 4 spell: Airstrike
 12169 | D:8      | Reached skill level 5 in Armour
 12298 | D:9      | Noticed a centaur warrior
 12302 | D:9      | Reached skill level 1 in Spellcasting
 12924 | D:9      | Killed a centaur warrior
 12925 | D:9      | Reached skill level 10 in Dodging
 12925 | D:9      | Reached skill level 1 in Air Magic
 14058 | D:9      | Noticed a boulder beetle
 14078 | D:9      | Killed a boulder beetle
 14079 | D:9      | Reached XP level 11. HP: 86/87 MP: 13/15
 14398 | D:9      | Found a staircase to the Lair.
 14430 | D:9      | Reached *** piety under Wu Jian
 14456 | D:9      | Reached skill level 11 in Dodging
 15157 | D:2      | Bought the amulet of Autumn {Reflect Will+ SH+5} for 511
                  | gold pieces
 15508 | D:10     | Entered Level 10 of the Dungeon
 16266 | D:10     | Identified the +4 shortbow "Ginur" {freeze, rElec rC- Will+
                  | SInv}
 16571 | D:10     | Noticed a soul eater
 17309 | D:10     | Reached skill level 10 in Long Blades
 17549 | Lair:1   | Entered Level 1 of the Lair of Beasts
 18134 | Lair:1   | Reached XP level 12. HP: 79/97 MP: 19/19
 18450 | Lair:1   | Reached skill level 12 in Dodging
 18631 | Lair:1   | Found the +8 whip "Snakebite" {venom, curare, rPois}
 18707 | Lair:1   | Reached skill level 5 in Spellcasting
 18821 | Lair:1   | Noticed a seven-headed hydra
 19259 | Lair:1   | Noticed Fannar
 19499 | D:11     | Noticed a two-headed ogre
 19510 | D:11     | Killed a two-headed ogre
 19511 | D:11     | Reached skill level 10 in Fighting
 19511 | D:11     | Reached skill level 5 in Air Magic
 20094 | D:11     | Reached skill level 1 in Shields
 20220 | D:11     | Noticed Josephine
 20245 | D:11     | Killed Josephine
 20245 | D:11     | Reached **** piety under Wu Jian
 20254 | D:11     | HP: 4/97 [wraith[Josephine] (5)]
 20694 | D:11     | Noticed Sonja
 20706 | D:11     | Cast into level 2 of the Abyss (Sonja)
 20718 | D:11     | Escaped the Abyss
 20723 | D:11     | Killed Sonja
 21416 | D:11     | Found a staircase to the Orcish Mines.
 21886 | Lair:1   | Killed Fannar
 21887 | Lair:1   | Reached skill level 13 in Dodging
 22445 | Lair:1   | Slain by a 12-headed hydra

Illustrated notes

Levels and vault maps discovered:
D:1:      dpeg_arrival_prison, layout_basic,
          hellmonk_ecumenical_altar_heavens_door, serial_shops, shop,
          minmay_split_cup_large
D:2:      layout_basic, serial_shops, nicolae_shop_advertising_works
          [nicolae_subvault_shop_adworks]
D:3:      layout_basic, zin_purify
D:4:      layout_basic, minmay_temple_entry_stoned_glass, gup_sewer_entry_bowl,
          uniq_grinder
D:5:      layout_basic, makhleb_grotto_becter, uniq_sigmund, uniq_prince_ribbit1
D:6:      layout_cave_pools, minitemple, kennysheep_generic_room_11
D:7:      wander_river, layout_basic, lemuel_tele_altar, gammafunk_ghost_smash,
          serial_shops, shop, uniq_menkaure
D:8:      layout_cave_pods, serial_park, serial_park_paths
          [serial_park_minivault_5x5_2], serial_park_tiny_2, serial_park_tiny_1,
          serial_park_avenue1, uniq_maggie
D:9:      layout_rooms, minmay_lair_entry_grove, minmay_misc_feat_rows,
          nicolae_concentric_dashed_squares_mild
D:10:     layout_loops_corners, minmay_microvault
D:11:     layout_irregular_city, orc_0_dummy, uniq_sonja, uniq_josephine
Temple:   regret_index_temple_sphere_string
Lair:1:   minmay_guarded_unrand_snakebite, layout_hall_layers,
          lemuel_fruit_tree, grunt_megastairs_3, infiniplex_staircase_pool_2,
          uniq_fannar

Skill      XL: |  1  2  3  4  5  6  7  8  9 10 11 12 |
---------------+-------------------------------------+-----
Fighting       | 3 4 5 7 8 9 10 | 10.0
Long Blades    | 4 5 6 7 9 10 11 | 11.3
Armour         | 1 2 3 4 5 |  5.0
Dodging        | 5 6 7 9 10 11 13 | 13.3
Throwing       | 3 4 5 6 |  6.0
Spellcasting   | 3 4 5 |  5.2
Air Magic      | 2 4 5 |  5.2
Shields        | 4 |  4.0

Action                   |  1- 3 |  4- 6 |  7- 9 | 10-12 || total
-------------------------+-------+-------+-------+-------++-------
Melee: Long sword        |   100 |   319 |   451 |   968 ||  1838
       Tailslap          |       |     5 |       |       ||     5
Throw: Dart              |       |     4 |     8 |    38 ||    50
       Boomerang         |       |       |    23 |     6 ||    29
Invok: Whirlwind         |       |       |    22 |   256 ||   278
       Lunge             |       |       |     9 |    24 ||    33
 Abil: Wall Jump         |       |       |       |     1 ||     1
Evoke: Wand              |       |     6 |       |       ||     6
  Use: Scroll            |       |    11 |     8 |     4 ||    23
       Potion            |       |       |       |     5 ||     5
 Stab: Fleeing           |       |       |       |     1 ||     1
       Invisible         |       |       |       |     2 ||     2
Armor: Leather armour    |    14 |       |       |       ||    14
       Pearl dragon scal |    36 |   213 |   227 |   401 ||   877
Dodge: Dodged            |    59 |   230 |   240 |   544 ||  1073
Block: Other             |       |       |       |    85 ||    85
       Kite shield       |       |       |       |   156 ||   156
       Reflection        |       |       |       |     4 ||     4

Table legend: (Time is in decaauts)
 A = Elapsed time spent in this place.
 B = Non-inter-level travel time spent in this place.
 C = Inter-level travel time spent in this place.
 D = Time resting spent in this place.
 E = Time spent auto-exploring this place.
 F = Levels seen in this place.
 G = Mean time per level.
                   A        B        C        D        E       F      G
               +--------+--------+--------+--------+--------+-----+--------+
         Total |  22513 |  21832 |    681 |   8864 |   8669 |  15 | 1500.9 |
       Dungeon |  19459 |  18859 |    600 |   7476 |   7752 |  11 | 1769.0 |
        Temple |    572 |    492 |     80 |    337 |    118 |   1 |  572.0 |
          Lair |   1970 |   1970 |      0 |    923 |    579 |   1 | 1970.0 |
         Abyss |     17 |     17 |      0 |      0 |      0 |   1 |   17.0 |
         Sewer |    492 |    492 |      0 |    128 |    219 |   1 |  492.0 |
               +--------+--------+--------+--------+--------+-----+--------+

Top non-repeatable levels by time:
     D:9: 2917 daAuts
     D:8: 2346 daAuts
    D:11: 2134 daAuts
     D:4: 1982 daAuts
  Lair:1: 1970 daAuts
    D:10: 1958 daAuts
     D:5: 1510 daAuts
     D:3: 1503 daAuts
     D:7: 1453 daAuts
     D:1: 1255 daAuts
     D:6: 1249 daAuts
     D:2: 1147 daAuts
  Temple: 572 daAuts
   Sewer: 492 daAuts
 Abyss:2: 17 daAuts
